 Dungeon Crawl Stone Soup version 0.19.1 (webtiles) character file.

290 Dfrag the Conjurer (level 6, -3/49 HPs)
             Began as a Naga Conjurer on Nov 29, 2016.
             Slain by a worker ant (5 damage)
             ... on level 4 of the Dungeon.
             The game lasted 00:03:15 (2535 turns).

Dfrag the Conjurer (Naga Conjurer)                  Turns: 2535, Time: 00:03:16

Health: -3/49      AC:  4    Str: 10    XL:     6   Next: 32%
Magic:  3/13       EV: 10    Int: 17    God:
Gold:   153        SH:  0    Dex: 15    Spells: 2 memorised, 11 levels left

rFire  . . .     SeeInvis +     l - +1 dagger (speed)
rCold  . . .     Gourm    .     a - +0 robe
rNeg   . . .     Faith    .     (no shield)
rPois  +         Spirit   .     (no helmet)
rElec  .         Reflect  .     v - +0 cloak
rCorr  .         Harm     .     (no gloves)
MR     .....                    (no barding)
Stlth  ++........               (no amulet)
                                (no ring)
                                f - +3 ring of dexterity

@: slowed, very slow
A: see invisible, deformed body, poison resistance, slowness 2, slow metabolism
1, spit poison 1, AC +2
a: Spit Poison


You were on level 4 of the Dungeon.
You were hungry.

You visited 1 branch of the dungeon, and saw 4 of its levels.

You collected 153 gold pieces.

Inventory:

Hand Weapons
 l - a +1 dagger of speed (weapon)
Armour
 a - a +0 robe (worn)
 v - a +0 cloak (worn)
Jewellery
 f - a +3 ring of dexterity (left hand)
Wands
 w - a wand of flame (20/48)
Scrolls
 d - 4 scrolls of remove curse {unknown}
 e - 3 scrolls of magic mapping {unknown}
 i - a scroll of enchant weapon {unknown}
 m - 9 scrolls of identify {unknown}
 o - 4 scrolls of random uselessness {unknown}
 s - a scroll of enchant armour {unknown}
 y - a scroll of fear {unknown}
 A - a scroll of amnesia {unknown}
 C - a scroll of fog {unknown}
 D - a scroll of blinking {unknown}
Potions
 g - 2 potions of flight {unknown}
 h - a potion of curing {unknown}
 j - 4 potions of heal wounds {unknown}
 n - 2 potions of lignification {unknown}
 p - 2 potions of magic {unknown}
 q - a potion of agility {unknown}
 r - a potion of might {unknown}
 t - a potion of haste {unknown}
 u - a potion of mutation {unknown}
 x - a potion of degeneration {unknown}
Books
 b - a book of Conjurations

   Spells                             Type                      Level
   a - Magic Dart                     Conjuration                  1
   b - Searing Ray                    Conjuration                  2
   c - Dazzling Spray                 Conjuration/Hexes            3
   d - Fulminant Prism                Conjuration/Hexes            4
   e - Iskenderun's Mystic Blast      Conjuration                  4
   f - Iskenderun's Battlesphere      Conjuration/Charms           5
Comestibles
 c - 5 bread rations
 k - a meat ration
 z - 3 beef jerkies
 B - a chunk of flesh


   Skills:
 - Level 1.5 Dodging
 - Level 3.0 Stealth
 * Level 4.8 Spellcasting
 + Level 5.4 Conjurations


You had 11 spell levels left.
You knew the following spells:

 Your Spells              Type           Power        Failure   Level  Hunger
a - Magic Dart            Conj           ###.         1%          1    None
b - Searing Ray           Conj           ###...       2%          2    #......


Dungeon Overview and Level Annotations

Branches:
Dungeon (4/15)
 Temple: D:4-7

Altars:
Xom


Innate Abilities, Weirdness & Mutations

You cannot wear boots.
Your serpentine skin is tough. (AC +2)
You have supernaturally acute eyesight. (SInv)
Armour fits poorly on your strangely shaped body.
Your system is resistant to poisons. (rPois)
You cover ground very slowly.
You have a slow metabolism.
You can spit poison.


Message History

You finish channeling your searing ray.
Casting: Searing Ray
Confirm with . or Enter, or press ? or * to list all spells.
Aiming: Searing Ray
Press: ? - help, Shift-Dir - straight line, f - orc priest
Aim: an orc priest, wielding a hand axe The searing ray hits the orc priest.
The orc priest is moderately wounded.
The orc priest barely misses you.
The searing ray hits the orc priest.
The orc priest is heavily wounded.
The orc priest hits you with a hand axe.
* * * LOW HITPOINT WARNING * * *
The orc priest calls down the wrath of Beogh upon you.
Pain shoots through your body!
* * * LOW HITPOINT WARNING * * *
The searing ray hits the orc priest.
You kill the orc priest!
The worker ant bites you.
You die...

#.##.# #.....# #.# #.# #....#
#.....# #.# #.#
######.######....[###.########.##
............+....................
#############......##.###########
. ..........##............ #
.######+#.########....## .
........)........#....# #
######@#.######.#....# #a#.#
#......# #)#.# ##.....# #.#.#
#.....# #.#.# ##.#### #.#.# #..#
#.#.# ##.## #.# #..# ##.#


You could see a worker ant.

Vanquished Creatures
  An orc priest (D:4)
  2 orc wizards (D:4)
  Ijyb (D:2)
  Natasha (D:4)
  A worker ant (D:4)
  A gnoll (D:1)
  4 adders
  2 worms (D:2)
  3 dart slugs
  7 leopard geckos
  An orc (D:4)
  5 giant cockroaches
  4 goblins
  3 hobgoblins
  4 jackals (D:2)
  6 kobolds
  4 quokkas
  A ball python (D:2)
  10 bats
  4 frilled lizards
  A jackal skeleton (D:4)
  A leopard gecko skeleton (D:4)
  6 rats
73 creatures vanquished.

Notes
Turn   | Place    | Note
-------+----------+-------------------------------------------
     0 | D:1      | Dfrag the Naga Conjurer began the quest for the Orb.
     0 | D:1      | Reached XP level 1. HP: 15/15 MP: 3/3
    11 | D:1      | Reached XP level 2. HP: 22/22 MP: 0/5
    15 | D:1      | Learned a level 2 spell: Searing Ray
   189 | D:1      | Reached XP level 3. HP: 24/28 MP: 2/7
   983 | D:2      | Reached XP level 4. HP: 23/36 MP: 5/8
  1169 | D:2      | Noticed Ijyb
  1195 | D:2      | Killed Ijyb
  1287 | D:2      | Reached XP level 5. HP: 36/42 MP: 10/10
  1547 | D:3      | Found a shimmering altar of Xom.
  1633 | D:3      | Found a faded altar of an unknown god.
  1808 | D:3      | Reached skill level 5 in Conjurations
  2499 | D:4      | Noticed Natasha
  2505 | D:4      | Killed Natasha
  2532 | D:4      | Reached XP level 6. HP: 18/49 MP: 7/12
  2534 | D:4      | HP: 2/49 [orc priest/nerve-wracking pain (12)]
  2535 | D:4      | Slain by a worker ant

Skill      XL: |  1  2  3  4  5 |
---------------+----------------+-----
Spellcasting   | 3 4 |  4.8
Conjurations   | 5 |  5.4
Dodging        | |  1.5
Stealth        | |  3.0

Action                   |  1- 3 |  4- 6 || total
-------------------------+-------+-------++-------
Melee: Unarmed           |     5 |       ||     5
       Dagger            |    37 |    68 ||   105
 Cast: Magic Dart        |    25 |    18 ||    43
       Searing Ray       |       |    10 ||    10
 Abil: Spit Poison       |    15 |    15 ||    30
 Stab: Sleeping          |     2 |     3 ||     5
  Eat: Chunk             |       |     6 ||     6
Armor: Robe              |    10 |    12 ||    22
Dodge: Dodged            |    19 |    50 ||    69
